 Dungeon Crawl Stone Soup version 0.17-a0-1979-g1c74939 (webtiles) character file.

325 graki42 the Firebug (level 6, -5/32 HPs)
             Began as a Deep Elf Fire Elementalist on Oct 5, 2015.
             Slain by an orc warrior
             ... wielding a +0 battleaxe
              (14 damage)
             ... on level 4 of the Dungeon.
             The game lasted 00:16:33 (2356 turns).

graki42 the Firebug (Deep Elf Fire Elementalist)    Turns: 2356, Time: 00:16:33

Health: -5/32      AC:  3    Str:  7    XL:     6   Next: 24%
Magic:  10/15      EV: 13    Int: 20    God:
Gold:   138        SH:  0    Dex: 15    Spells: 3 memorised, 8 levels left

rFire  + . .     SeeInvis .     t - +1 quarterstaff
rCold  x . .     Clarity  .     a - +0 robe
rNeg   . . .     SustAt   .     (no shield)
rPois  .         Gourm    .     (no helmet)
rElec  .         Spirit   .     (no cloak)
rCorr  .         Warding  .     m - +0 pair of gloves
rMut   .         Stasis   .     (no boots)
MR     .....                    (no amulet)
Stlth  ++........               o - ring of flight
                                k - ring of fire

@: not resistant to hostile enchantments, unstealthy
A: no striking features
a: Evoke Flight


You were on level 4 of the Dungeon.
You were not hungry.

You visited 1 branch of the dungeon, and saw 4 of its levels.

You collected 138 gold pieces.

Inventory:

Hand Weapons
 t - a +1 quarterstaff (weapon)
Armour
 a - a +0 robe (worn)
 l - a +0 buckler
 m - a +0 pair of gloves (worn)
Jewellery
 k - a ring of fire (left hand)
 o - a ring of flight (right hand)
Scrolls
 j - a scroll of enchant weapon
 u - a scroll of immolation
 y - a scroll of teleportation
Potions
 e - 2 potions of haste {unknown}
 g - a potion of brilliance {unknown}
 h - a potion of agility
 i - a potion of degeneration {unknown}
 p - a potion of resistance {unknown}
 q - a potion of lignification {unknown}
 r - a potion of curing {unknown}
 v - 2 potions of heal wounds {unknown}
 w - 2 potions of might {unknown}
Books
 b - a book of Flames

   Spells                             Type                      Level
   a - Flame Tongue                   Conjuration/Fire             1
   b - Throw Flame                    Conjuration/Fire             2
   c - Conjure Flame                  Conjuration/Fire             3
   d - Inner Flame                    Hexes/Fire                   3
   e - Sticky Flame                   Conjuration/Fire             4
   f - Fireball                       Conjuration/Fire             5
 s - a book of Hinderance

   Spells                             Type                      Level
   a - Confusing Touch                Hexes                        2
   b - Confuse                        Hexes                        3
   c - Gell's Gravitas                Hexes/Translocation          3
   d - Petrify                        Transmutation/Earth          4
   e - Metabolic Englaciation         Hexes/Ice                    5
Comestibles
 c - 3 bread rations
 x - a royal jelly


   Skills:
 + Level 2.9 Dodging
 + Level 3.4 Stealth
 + Level 5.1 Spellcasting
 + Level 2.9 Conjurations
 + Level 5.5 Fire Magic


You had 8 spell levels left.
You knew the following spells:

 Your Spells              Type           Power        Failure   Level  Hunger
a - Flame Tongue          Conj/Fire      ####.        1%          1    None
b - Conjure Flame         Conj/Fire      ####....     8%          3    ##.....
c - Inner Flame           Hex/Fire       ###.....     12%         3    ##.....


Dungeon Overview and Level Annotations

Branches:
Dungeon (4/15)
 Temple: D:4-7

Altars:
Nemelex Xobeh
Sif Muna
Vehumet


Message History

Aiming: Flame Tongue
Press: ? - help, Shift-Dir - straight line, f/p - orc warrior
Aim: an orc warrior, wielding a battleaxe and wearing a chain mail (moderately wounded)
You feel a surge of power!
The flame tongue hits the orc warrior.
The orc warrior is moderately wounded.
The orc wizard shouts!
The orc warrior hits you with a battleaxe!!
Ouch! That really hurt!
* * * LOW HITPOINT WARNING * * *
The orc wizard casts a spell at you. The puff of frost misses you.
Casting: Flame Tongue
Confirm with . or Enter, or press ? or * to list all spells.
Aiming: Flame Tongue
Press: ? - help, Shift-Dir - straight line, f/p - orc warrior
Aim: an orc warrior, wielding a battleaxe and wearing a chain mail (moderately wounded)
You feel a surge of power!
The flame tongue hits the orc warrior.
The orc warrior is moderately wounded.
The orc warrior hits you with a battleaxe!
You die...

#.# #.# #.# #.#
#.# #.# # #># #
#########.# #
#.##....@..>.# #
.......oo##### #
.#.#.###.####### #
... o... #
#.......##########
#.. #So.#
#.o........).....o
#.. o...
###....._..#.##.##
#.. ...
#.....?...# # #
#.. ..
#....⌠o..... # #§.
.# #.........## #


You could see an orc warrior, an orc wizard and an orc.

Vanquished Creatures
  The ghost of SlimeFever the Conjurer, an amateur OpCj (D:3)
  A quasit (D:4)
  2 orc wizards (D:3)
  Terence (D:2)
  A worker ant zombie (D:4)
  4 adders
  2 worms
  11 orcs
  6 bats
  14 goblins
  7 hobgoblins
  8 kobolds
  2 quokkas (D:3)
  A ball python (D:4)
  3 giant cockroaches
  5 giant geckos
  A giant newt (D:2)
  4 jackals (D:2)
  9 rats
83 creatures vanquished.

Notes
Turn   | Place    | Note
--------------------------------------------------------------
     0 | D:1      | graki42 the Deep Elf Fire Elementalist began the quest for the Orb.
     0 | D:1      | Reached XP level 1. HP: 10/10 MP: 6/6
   101 | D:1      | Reached XP level 2. HP: 15/15 MP: 1/8
   692 | D:2      | Found a faded altar to an unknown god.
   716 | D:2      | Noticed Terence
   721 | D:2      | Killed Terence
   721 | D:2      | Reached skill level 4 in Fire Magic
   721 | D:2      | Reached XP level 3. HP: 19/19 MP: 5/10
   816 | D:2      | Learned a level 3 spell: Conjure Flame
   820 | D:2      | Learned a level 3 spell: Inner Flame
  1103 | D:2      | Reached XP level 4. HP: 24/24 MP: 7/11
  1534 | D:3      | Reached XP level 5. HP: 28/28 MP: 6/13
  1656 | D:3      | Reached skill level 5 in Fire Magic
  1668 | D:3      | Found a sparkling altar of Nemelex Xobeh.
  1728 | D:3      | Noticed SlimeFever's ghost (amateur OpCj)
  1821 | D:3      | Killed SlimeFever's ghost
  1937 | D:3      | Reached XP level 6. HP: 32/32 MP: 11/15
  2118 | D:3      | Reached skill level 5 in Spellcasting
  2339 | D:4      | Found a deep blue altar of Sif Muna.
  2339 | D:4      | Found a radiant altar of Vehumet.
  2356 | D:4      | Slain by an orc warrior

Vault maps used:
D:1:      erik_arrival_blinker_ship
D:2:      ecumenical_altar_2, uniq_terence
D:3:      nemelex_xobeh_ov_fountains_minmay
D:4:      nicolae_tso_besieged_by_evil, grunt_temple_overflow_open,
          minmay_temple_entry_crystal_x, first_bread, enter_ossuary_4,
          corexii_leaking_fountain

Action                   |  1- 3 |  4- 6 || total
-------------------------+-------+-------++-------
 Cast: Flame Tongue      |    57 |    80 ||   137
       Conjure Flame     |       |     5 ||     5
       Inner Flame       |       |     3 ||     3
  Use: Scroll            |       |     6 ||     6
  Eat: Chunk             |       |     5 ||     5
